 Dungeon Crawl Stone Soup version 0.30-a0-368-g86fb4627a9 (webtiles) character file.

Game seed: 17734203285659422105

231 ytrimaz the Cudgeller (level 6, -1/93 HPs)
             Began as an Ogre Berserker on Nov 18, 2022.
             Was a Believer of Trog.
             Slain by a hobgoblin (5 damage)
             ... led by Robin
             ... on level 2 of the Dungeon.
             The game lasted 00:01:55 (1189 turns).

ytrimaz the Cudgeller (Ogre Berserker)              Turns: 1189, Time: 00:01:56

Health: -1/93      AC:  3    Str: 24    XL:     6   Next: 3%
Magic:  6/6        EV: 10    Int:  8    God:    Trog [**....]
Gold:   106        SH:  0    Dex:  8    Spells: 5/5 levels left

rFire   . . .      SeeInvis .    a - +0 mace
rCold   . . .      Faith    .    (no shield)
rNeg    . . .      Spirit   .    b - +0 animal skin
rPois   .          Reflect  .    (helmet restricted)
rElec   .          Harm     .    (no cloak)
rCorr   .          Rampage  .    (gloves unavailable)
Will    .....                    (boots unavailable)
Stlth   ..........               (no amulet)
HPRegen 0.35/turn                (no ring)
MPRegen 0.10/turn                (no ring)

@: brilliant, berserking (expiring), very quick
A: large, unfitting armour, tough skin 1
a: Renounce Religion, Berserk, Trog's Hand


You were on level 2 of the Dungeon.
You worshipped Trog.
Trog was pleased with you.
You visited 1 branch of the dungeon, and saw 2 of its levels.

You collected 106 gold pieces.


Innate Abilities, Weirdness & Mutations

You are too large for most types of armour.
You have tough skin. (AC +1)


   Skills:
 - Level 4.0 Fighting
 + Level 5.9 Maces & Flails
 - Level 2.6 Dodging


You had 5 spell levels left.
You didn't know any spells.
Your spell library was empty.

Inventory:

Hand Weapons
 a - a +0 mace (weapon)
Armour
 b - a +0 animal skin (worn)
Wands
 c - a wand of flame (20)
   (You took it off Sigmund on level 2 of the Dungeon)
Scrolls
 f - 2 scrolls of magic mapping
Potions
 e - a potion of heal wounds

Dungeon Overview and Level Annotations

Branches:
Dungeon (2/15) Zot: 10766

Altars:

Annotations:
D:2 Jessica, Robin

...................g...,,,,,,,,,,
...>..............gg.#,,,,,,,,,,,
.................gg..#.,,,,,,,,,,
...............@K......,,,,,*,,,,
..[..#.........)............#,,,,
.....#..........g...........#,,,,
..............#####.........#,,,>
........#.....#####.........#.,,,
.....##.......gg@g#...........#*,
........[......ggg#...........###
........#.......@.#..............
.............#....#..............
.............#......#............
.............#......##...........
........##...........#...........
..............................รท..
......................##.........


You could see Robin, Jessica, 2 hobgoblins and 3 goblins.


Message History

As you read the scroll labelled COIVITROECH, it crumbles to dust.
You feel aware of your surroundings.
It was a scroll of magic mapping.
The hobgoblin hits you.
* * * LOW HITPOINT WARNING * * *
The goblin hits you with a +0 dagger.
* * * LOW HITPOINT WARNING * * *
The goblin hits you with a +0 club.
* * * LOW HITPOINT WARNING * * *
๐Ÿ˜จ HP[-8]
You take 8 damage, and now have 21/62 hp.
Okay, then.
A red film seems to cover your vision as you go berserk!
You feel yourself moving faster!
You feel mighty!
A goblin comes into view. It is wielding a +0 dagger.
The hobgoblin barely misses you. The goblin hits you but does no damage.
The goblin barely misses you. ๐Ÿ˜จ HP[+11]
You now have 93 max hp (+31).
You regained 11 hp, and now have 32/93 hp.
Unknown command.
The goblin shouts!
You sock the goblin!
You kill the goblin!
Trog accepts your kill. Robin throws the goblin at you!
* * * LOW HITPOINT WARNING * * *
The goblin barely misses you. The hobgoblin closely misses you.
The goblin barely misses you. ๐Ÿ˜จ HP[-2]
You take 2 damage, and now have 30/93 hp.
Unknown command.
You closely miss the hobgoblin. The goblin closely misses you.
The hobgoblin hits you.
* * * LOW HITPOINT WARNING * * *
A goblin comes into view. It is wielding a +0 dagger.
The goblin barely misses you. ๐Ÿ˜จ HP[-5]
You take 5 damage, and now have 25/93 hp.
Unknown command.
You barely miss the goblin.
The goblin shouts! ๐Ÿ˜จ HP[+1]
You hit the goblin.
You kill the goblin!
Trog accepts your kill.
Robin says, "Duck!"
The hobgoblin barely misses you. The goblin closely misses you.
Unknown command.
You hit the goblin.
You kill the goblin!
Trog accepts your kill. Robin throws the goblin at you!
The goblin completely misses you. The goblin closely misses you.
The hobgoblin hits you.
* * * LOW HITPOINT WARNING * * *
Jessica casts a spell.
Jessica blinks! ๐Ÿ˜ฑ HP[-5]
You take 5 damage, and now have 21/93 hp.
Unknown command.
You sock the hobgoblin!
You kill the hobgoblin!
Trog accepts your kill.
Unknown command.
You hit the goblin.
The goblin closely misses you. ๐Ÿ˜ฑ HP[+1]
You barely miss the kobold. The goblin hits you with a +0 club.
* * * LOW HITPOINT WARNING * * *
The goblin barely misses you.
The kobold hits you but does no damage. ๐Ÿ˜ฑ HP[-2]
You take 2 damage, and now have 20/93 hp.
Unknown command.
You barely miss the goblin. The goblin hits you with a +0 club.
* * * LOW HITPOINT WARNING * * *
The goblin hits you but does no damage. The kobold hits you with a +0 dagger.
* * * LOW HITPOINT WARNING * * *
๐Ÿ˜ฑ HP[-5]
You take 5 damage, and now have 15/93 hp.
Unknown command.
You sock the kobold!
You kill the kobold!
Trog accepts your kill. Robin throws the goblin at you!
The goblin hits you with a +0 club.
* * * LOW HITPOINT WARNING * * *
The goblin barely misses you. The goblin hits you with a +0 dagger.
* * * LOW HITPOINT WARNING * * *
๐Ÿ˜ฑ HP[-5]
You take 5 damage, and now have 10/93 hp.
You hit the goblin.
You kill the goblin!
Trog accepts your kill.
Unknown command.
The hobgoblin hits you but does no damage.
The goblin hits you with a +0 club.
* * * LOW HITPOINT WARNING * * *
The hobgoblin barely misses you.
Items here: ))) โ€ โ€ . ๐Ÿ˜ฑ HP[-6]
You take 6 damage, and now have 4/93 hp.
You barely miss the goblin. The hobgoblin hits you.
You die...

Skill      XL: |  1  2  3 |
---------------+----------+-----
Maces & Flails | 3 5 |  5.9
Fighting       | |  4.0
Dodging        | |  2.6

Action                   |  1- 3 |  4- 6 || total
-------------------------+-------+-------++-------
Melee: Mace              |   117 |    30 ||   147
       Punch             |     1 |       ||     1
Invok: Berserk           |     2 |     1 ||     3
       Trog's Hand       |     1 |       ||     1
  Use: Scroll            |     3 |     1 ||     4
       Potion            |     4 |     1 ||     5
Armor: Animal skin       |    51 |    18 ||    69
Dodge: Dodged            |   140 |    33 ||   173

Levels and vault maps discovered:
D:1:      lightli_arrival_lavapool, layout_rooms, ebering_ecumenical_altar_mist
D:2:      minmay_wonky_spiral, layout_basic, uniq_robin, uniq_sigmund,
          uniq_jessica

Notes
Turn   | Place    | Note
-------+----------+-------------------------------------------
     0 | D:1      | ytrimaz the Ogre Berserker began the quest for the Orb.
     0 | D:1      | Reached XP level 1. HP: 24/24 MP: 1/1
     0 | D:1      | magus.rc [v1.9.6]
    50 | D:1      | Reached skill level 3 in Maces & Flails
    90 | D:1      | Found a faded altar of an unknown god.
   117 | D:1      | Reached XP level 2. HP: 30/32 MP: 2/2
   574 | D:2      | Reached XP level 3. HP: 33/39 MP: 3/3
   626 | D:2      | HP: 9/39 [poisoned by an adder]
   642 | D:2      | HP: 9/39 [jackal (2)]
   644 | D:2      | HP: 4/39 [jackal (1)]
   659 | D:2      | Reached skill level 4 in Maces & Flails
   778 | D:2      | Reached ** piety under Trog
   796 | D:2      | Noticed Sigmund
  1054 | D:2      | Killed Sigmund
  1055 | D:2      | Reached skill level 5 in Maces & Flails
  1055 | D:2      | Reached XP level 4. HP: 48/48 MP: 4/4
  1055 | D:2      | Reached XP level 5. HP: 54/54 MP: 5/5
  1154 | D:2      | Noticed Jessica
  1156 | D:2      | Noticed Robin
  1174 | D:2      | Reached XP level 6. HP: 29/62 MP: 6/6
  1181 | D:2      | HP: 21/93 [hobgoblin[Robin] (5)]
  1186 | D:2      | HP: 13/93 [goblin/+0 club[Robin] (3)]
  1188 | D:2      | HP: 4/93 [goblin/+0 club[Robin] (6)]
  1189 | D:2      | Slain by a hobgoblin

Vanquished Creatures
  Sigmund (D:2)
  An adder (D:2)
  A dart slug (D:1)
  A ball python (D:2)
  2 bats (D:1)
  4 endoplasms (D:1)
  A giant cockroach (D:1)
  11 goblins
  3 hobgoblins
  5 jackals
  2 quokkas
  3 frilled lizards
  4 kobolds
  3 rats (D:2)
42 creatures vanquished.

Table legend:
 A = Non-vault XP
 B = Vault XP
 C = Vault XP percentage of total XP
 D = Non-vault monster count
 E = Vault monster count
 F = Vault count percentage of total count
                 A         B        C        D         E       F
            +---------+---------+-------+---------+---------+-------
      Total |      69 |     261 |  79.1 |      34 |       8 |  19.0
            +---------+---------+-------+---------+---------+-------
        D:1 |      35 |       0 |   0.0 |      19 |       0 |   0.0
        D:2 |      34 |     261 |  88.5 |      15 |       8 |  34.8
            +---------+---------+-------+---------+---------+-------

Illustrated notes

Table legend:
 A = Kills in this place as a percentage of kills in entire the game.
 B = Kills by you in this place as a percentage of kills by you in the entire game.
 C = Kills by friends in this place as a percentage of kills by friends in the entire game.
 D = Other kills in this place as a percentage of other kills in the entire game.
 E = Experience gained in this place as a percentage of experience gained in the entire game.
 F = Experience gained in this place divided by the number of levels of this place that you have seen.
                   A       B       C       D       E      F
               +-------+-------+-------+-------+-------+----------------------
         Total | 100.0 | 100.0 |   N/A |   N/A | 100.0 | 165.0
       Dungeon | 100.0 | 100.0 |   N/A |   N/A | 100.0 | 165.0
               +-------+-------+-------+-------+-------+----------------------

Table legend: (Time is in decaauts)
 A = Elapsed time spent in this place.
 B = Non-inter-level travel time spent in this place.
 C = Inter-level travel time spent in this place.
 D = Time resting spent in this place.
 E = Time spent auto-exploring this place.
 F = Levels seen in this place.
 G = Mean time per level.
                   A        B        C        D        E       F      G
               +--------+--------+--------+--------+--------+-----+--------+
         Total |   1232 |   1211 |     21 |    164 |    692 |   2 |  616.0 |
       Dungeon |   1232 |   1211 |     21 |    164 |    692 |   2 |  616.0 |
               +--------+--------+--------+--------+--------+-----+--------+

Top non-repeatable levels by time:
     D:1: 738 daAuts
     D:2: 494 daAuts
